Sharks vs Rangers

Created - January 26 2008 at 12:00

Goals
1 2 3 T
Sharks 2 2 1 5
Rangers 1 1 1 3
Shots
1 2 3 T
Sharks 13 11 4 28
Rangers 6 7 2 15

Period #1

1. Rangers , Brad Richards 13 (Tyler Arnason, Dan Cleary) at 13:59
2. Sharks , Milan Michalek 13 (Jonathan Cheechoo, Sheldon Souray) at 15:18
3. Sharks , Pavel Datsyuk 15 (Barret Jackman, Markus Naslund) at 18:55

Penalties :
Kristopher Letang (NYR) for Tripping (Minor) at 0:44, Colby Armstrong (SJS) for Interference (Minor) at 0:44, Niklas Kronwall (SJS) for Charging (Minor) at 8:07

Period #2

4. Sharks , Tomas Plekanec 7 (Mark Streit, Colby Armstrong) at 1:17
5. Rangers , Brad Richards 14 (Jarkko Immonen) at 5:34
6. Sharks , Mark Streit 4 (Colby Armstrong, Tomas Plekanec) at 11:57

Penalties :
Joe Thornton (SJS) for High sticking (Minor) at 8:36

Period #3

7. Rangers , Dan Cleary 10 (Tyler Arnason, Brad Richards) at 9:49
8. Sharks , Jonathan Cheechoo 25 (Joe Thornton) at 11:57

Penalties :
Kyle Mclaren (SJS) for Roughing (Minor) at 15:09

Goalie Stats

Dany Sabourin (SJS), 12 saves from 15 shots - (0.800), W, 3-5-2, 60:00 minutes
Ray Emery (NYR), 23 saves from 28 shots - (0.821), L, 19-24-5, 60:00 minutes

Players Stats

Sharks
Player Name              G  A  P  +/- PIM S  H  SB FO MP 
-----------------------------------------------------------
Andrei Markov            0  0  0   0  0   0  0  0  0  0  
Barret Jackman           0  1  1   0  0   0  1  0  0  22 
Colby Armstrong          0  2  2   1  2   0  6  1  2  24 
Corey Perry              0  0  0   0  0   0  2  0  1  18 
Joe Thornton             0  1  1   0  2   0  3  1  14 12 
Jonathan Cheechoo        1  1  2   1  0   8  3  0  2  22 
Kyle Mclaren             0  0  0   0  2   1  4  2  0  21 
Marc-Edouard Vlasic      0  0  0   1  0   0  0  0  0  14 
Mark Streit              1  1  2   1  0   2  0  2  0  18 
Markus Naslund           0  1  1   0  0   2  0  0  6  22 
Milan Michalek           1  0  1   1  0   3  0  0  0  13 
Niklas Kronwall          0  0  0   1  2   0  2  1  0  18 
Pavel Datsyuk            1  0  1   0  0   4  0  0  18 23 
Sheldon Souray           0  1  1   1  0   2  1  2  0  23 
Stu Barnes               0  0  0   1  0   0  2  0  8  13 
Teppo Numminen           0  0  0   0  0   0  0  0  0  12 
Tomas Plekanec           1  1  2   1  0   5  2  0  18 17 
Ville Peltonen           0  0  0   1  0   1  1  0  1  17 
Rangers
Player Name              G  A  P  +/- PIM S  H  SB FO MP 
-----------------------------------------------------------
Ales Kotalik             0  0  0  -1  0   0  2  0  1  23 
Brad Richards            2  1  3   2  0   3  1  0  7  20 
Brad Stuart              0  0  0  -3  0   1  3  1  0  24 
Brett Lebda              0  0  0   0  0   0  1  1  1  22 
Dan Cleary               1  1  2   1  0   3  1  1  2  14 
Darius Kasparaitis       0  0  0   2  0   0  0  2  0  21 
Frederick Meyer Iv       0  0  0  -3  0   0  0  1  0  23 
Jan Bulis                0  0  0  -1  0   0  2  0  0  21 
Jarkko Immonen           0  1  1   0  0   0  0  0  17 21 
Jeff Halpern             0  0  0  -3  0   0  2  1  22 19 
Kristopher Letang        0  0  0  -2  2   1  0  2  0  20 
Lee Stempniak            0  0  0   0  0   0  0  0  0  0  
Mattias Ohlund           0  0  0  -1  0   0  0  0  0  7  
Nikolai Zherdev          0  0  0  -2  0   1  0  0  16 23 
Peter Schaefer           0  0  0   0  0   0  0  0  0  0  
Sergei Samsonov          0  0  0  -2  0   2  0  0  2  23 
Tim Connolly             0  0  0   1  0   3  0  0  2  19 
Tyler Arnason            0  2  2   2  0   1  0  0  0  14 

3 Stars

1 - Brad Richards (NYR)
2 - Jonathan Cheechoo (SJS)
3 - Colby Armstrong (SJS)

Power Play

Sharks - 0 on 0 Attempt(s) - 0.00%
Rangers - 0 on 3 Attempt(s) - 0.00%

Penalty Kill

Sharks - 3 on 3 Attempt(s) - 100.00% - Score 0 goal in Penalty Kill
Rangers - 0 on 0 Attempt(s) - 0.00% - Score 0 goal in Penalty Kill

Game Notes

No Game Note

Finance

Level 1 -- Attendance: 3156 (50.90%) -- Ticket Income $315,600.00
Level 2 -- Attendance: 2523 (50.46%) -- Ticket Income $176,610.00
Level 3 -- Attendance: 713 (35.65%) -- Ticket Income $39,215.00
Level 4 -- Attendance: 1654 (41.35%) -- Ticket Income $49,620.00
Luxury Box -- Attendance: 559 (55.90%) -- Ticket Income $111,800.00
Game was played at the Madison Square Garden
Total Attendance: 8605 (47.28%)
Total Ticket Income: $745,421.00
Other Income: $121,888.20
Total Income: $867,309.00


Play by Play

Period #1

0:01 of 1st period - Joe Thornton wins face-off versus Jarkko Immonen in neutral zone.
0:04 of 1st period - Darius Kasparaitis is hit by Joe Thornton and loses puck.
0:15 of 1st period - Shot by Sergei Samsonov.
0:15 of 1st period - Shot Misses the Net.
0:18 of 1st period - Icing by Colby Armstrong.
0:19 of 1st period - Nikolai Zherdev wins face-off versus Joe Thornton in Sharks zone.
0:20 of 1st period - Shot by Ales Kotalik.
0:20 of 1st period - Deflect By Jan Bulis.
0:20 of 1st period - Shot Misses the Net.
0:26 of 1st period - Nikolai Zherdev is hit by Colby Armstrong and loses puck.
0:41 of 1st period - Shot by Joe Thornton.
0:41 of 1st period - Shot Misses the Net.
0:43 of 1st period - Shot by Teppo Numminen.
0:43 of 1st period - Shot Misses the Net.
0:44 of 1st period - Minor Penalty to Kristopher Letang for Tripping.
0:44 of 1st period - Minor Penalty to Colby Armstrong for Interference.
0:45 of 1st period - Markus Naslund wins face-off versus Jeff Halpern in Rangers zone.
0:52 of 1st period - Shot by Markus Naslund.
0:52 of 1st period - Shot Misses the Net.
0:55 of 1st period - Icing by Brad Stuart.
0:56 of 1st period - Markus Naslund wins face-off versus Jeff Halpern in Rangers zone.
1:31 of 1st period - Shot by Pavel Datsyuk.
1:31 of 1st period - Shot Misses the Net.
1:35 of 1st period - Shot by Pavel Datsyuk.
1:35 of 1st period - Stopped by Ray Emery without a rebound.
1:36 of 1st period - Joe Thornton wins face-off versus Jarkko Immonen in Rangers zone.
2:05 of 1st period - Shot by Sergei Samsonov.
2:05 of 1st period - Shot Misses the Net.
3:25 of 1st period - Shot by Brad Richards.
3:25 of 1st period - Shot Blocked by Niklas Kronwall.
3:27 of 1st period - Shot by Brad Richards.
3:27 of 1st period - Shot Misses the Net.
4:14 of 1st period - Shot by Sheldon Souray.
4:14 of 1st period - Stopped by Ray Emery with a rebound.
4:16 of 1st period - Shot by Jonathan Cheechoo.
4:16 of 1st period - Shot Hit the Post.
4:18 of 1st period - Shot by Milan Michalek.
4:18 of 1st period - Shot Blocked by Kristopher Letang.
5:21 of 1st period - Icing by Kristopher Letang.
5:22 of 1st period - Tomas Plekanec wins face-off versus Nikolai Zherdev in Rangers zone.
5:33 of 1st period - Off-side.
5:34 of 1st period - Jarkko Immonen wins face-off versus Joe Thornton in neutral zone.
5:47 of 1st period - Shot by Tim Connolly.
5:47 of 1st period - Stopped by Dany Sabourin without a rebound.
5:48 of 1st period - Stu Barnes wins face-off versus Tim Connolly in Sharks zone.
6:41 of 1st period - Shot by Ville Peltonen.
6:41 of 1st period - Stopped by Ray Emery with a rebound.
6:45 of 1st period - Shot by Tomas Plekanec.
6:45 of 1st period - Shot Misses the Net.
6:47 of 1st period - Shot by Tomas Plekanec.
6:47 of 1st period - Shot Misses the Net.
6:49 of 1st period - Shot by Mark Streit.
6:49 of 1st period - Stopped by Ray Emery with a rebound.
6:51 of 1st period - Shot by Tomas Plekanec.
6:51 of 1st period - Shot Misses the Net.
6:53 of 1st period - Shot by Niklas Kronwall.
6:53 of 1st period - Shot Blocked by Darius Kasparaitis.
7:01 of 1st period - Shot by Tomas Plekanec.
7:01 of 1st period - Stopped by Ray Emery without a rebound.
7:02 of 1st period - Jarkko Immonen wins face-off versus Pavel Datsyuk in Rangers zone.
7:02 of 1st period - Jarkko Immonen is hit by Corey Perry.
7:38 of 1st period - Off-side.
7:39 of 1st period - Jeff Halpern wins face-off versus Tomas Plekanec in neutral zone.
8:07 of 1st period - Minor Penalty to Niklas Kronwall for Charging.
8:08 of 1st period - Ales Kotalik wins face-off versus Joe Thornton in Sharks zone.
8:16 of 1st period - Icing by Brad Stuart.
8:17 of 1st period - Jarkko Immonen wins face-off versus Joe Thornton in Rangers zone.
9:00 of 1st period - Icing by Brett Lebda.
9:01 of 1st period - Brett Lebda wins face-off versus Markus Naslund in Rangers zone.
9:18 of 1st period - Frederick Meyer Iv is hit by Joe Thornton and loses puck.
9:37 of 1st period - Shot by Pavel Datsyuk.
9:37 of 1st period - Shot Misses the Net.
10:42 of 1st period - Icing by Colby Armstrong.
10:43 of 1st period - Tomas Plekanec wins face-off versus Jarkko Immonen in Sharks zone.
10:53 of 1st period - Shot by Sergei Samsonov.
10:53 of 1st period - Shot Misses the Net.
11:42 of 1st period - Shot by Dan Cleary.
11:42 of 1st period - Stopped by Dany Sabourin without a rebound.
11:43 of 1st period - Nikolai Zherdev wins face-off versus Pavel Datsyuk in Sharks zone.
12:52 of 1st period - Jeff Halpern is hit by Stu Barnes and loses puck.
12:59 of 1st period - Shot by Jonathan Cheechoo.
12:59 of 1st period - Stopped by Ray Emery with a rebound.
13:30 of 1st period - Off-side.
13:31 of 1st period - Tomas Plekanec wins face-off versus Brad Richards in neutral zone.
13:53 of 1st period - Shot by Brad Richards.
13:53 of 1st period - Shot Blocked by Colby Armstrong.
13:55 of 1st period - Shot by Tyler Arnason.
13:55 of 1st period - Deflect By Brad Richards.
13:55 of 1st period - Shot Blocked by Mark Streit.
13:59 of 1st period - Shot by Brad Richards.
13:59 of 1st period - Goal by Brad Richards - Sharks : 0 - Rangers : 1.
14:00 of 1st period - Jeff Halpern wins face-off versus Pavel Datsyuk in neutral zone.
14:05 of 1st period - Icing by Kyle Mclaren.
14:06 of 1st period - Pavel Datsyuk wins face-off versus Dan Cleary in Sharks zone.
14:06 of 1st period - Pavel Datsyuk is hit by Jeff Halpern.
14:23 of 1st period - Pavel Datsyuk is hit by Brad Stuart and loses puck.
14:38 of 1st period - Shot by Pavel Datsyuk.
14:38 of 1st period - Shot Blocked by Dan Cleary.
14:40 of 1st period - Shot by Kyle Mclaren.
14:40 of 1st period - Stopped by Ray Emery without a rebound.
14:41 of 1st period - Brad Richards wins face-off versus Stu Barnes in Rangers zone.
14:54 of 1st period - Shot by Tyler Arnason.
14:54 of 1st period - Deflect By Brad Richards.
14:54 of 1st period - Shot Blocked by Sheldon Souray.
15:18 of 1st period - Shot by Milan Michalek.
15:18 of 1st period - Goal by Milan Michalek - Sharks : 1 - Rangers : 1.
15:19 of 1st period - Tomas Plekanec wins face-off versus Nikolai Zherdev in neutral zone.
15:52 of 1st period - Shot by Ville Peltonen.
15:52 of 1st period - Deflect By Tomas Plekanec.
15:52 of 1st period - Stopped by Ray Emery without a rebound.
15:53 of 1st period - Jeff Halpern wins face-off versus Pavel Datsyuk in Rangers zone.
15:53 of 1st period - Sergei Samsonov is hit by Corey Perry and loses puck.
16:26 of 1st period - Corey Perry is hit by Jeff Halpern.
16:38 of 1st period - Brad Stuart is hit by Kyle Mclaren and loses puck.
17:15 of 1st period - Shot by Jonathan Cheechoo.
17:15 of 1st period - Stopped by Ray Emery with a rebound.
17:17 of 1st period - Shot by Jonathan Cheechoo.
17:17 of 1st period - Stopped by Ray Emery without a rebound.
17:18 of 1st period - Tomas Plekanec wins face-off versus Brad Richards in Rangers zone.
17:57 of 1st period - Shot by Tomas Plekanec.
17:57 of 1st period - Stopped by Ray Emery with a rebound.
18:25 of 1st period - Shot by Kristopher Letang.
18:25 of 1st period - Stopped by Dany Sabourin with a rebound.
18:29 of 1st period - Shot by Jan Bulis.
18:29 of 1st period - Shot Misses the Net.
18:35 of 1st period - Shot by Dan Cleary.
18:35 of 1st period - Stopped by Dany Sabourin without a rebound.
18:36 of 1st period - Jeff Halpern wins face-off versus Pavel Datsyuk in Sharks zone.
18:49 of 1st period - Shot by Markus Naslund.
18:49 of 1st period - Shot Misses the Net.
18:51 of 1st period - Shot by Barret Jackman.
18:51 of 1st period - Shot Misses the Net.
18:55 of 1st period - Shot by Pavel Datsyuk.
18:55 of 1st period - Goal by Pavel Datsyuk - Sharks : 2 - Rangers : 1.
18:56 of 1st period - Joe Thornton wins face-off versus Nikolai Zherdev in neutral zone.
18:56 of 1st period - Jonathan Cheechoo is hit by Ales Kotalik and loses puck.
19:36 of 1st period - Shot by Sergei Samsonov.
19:36 of 1st period - Stopped by Dany Sabourin without a rebound.
19:37 of 1st period - Pavel Datsyuk wins face-off versus Sergei Samsonov in Sharks zone.
19:43 of 1st period - Off-side.
19:44 of 1st period - Pavel Datsyuk wins face-off versus Jeff Halpern in neutral zone.

Period #2

0:01 of 2nd period - Joe Thornton wins face-off versus Jarkko Immonen in neutral zone.
0:37 of 2nd period - Icing by Darius Kasparaitis.
0:38 of 2nd period - Jarkko Immonen wins face-off versus Pavel Datsyuk in Rangers zone.
0:55 of 2nd period - Shot by Markus Naslund.
0:55 of 2nd period - Stopped by Ray Emery without a rebound.
0:56 of 2nd period - Tomas Plekanec wins face-off versus Nikolai Zherdev in Rangers zone.
1:17 of 2nd period - Shot by Tomas Plekanec.
1:17 of 2nd period - Goal by Tomas Plekanec - Sharks : 3 - Rangers : 1.
1:18 of 2nd period - Pavel Datsyuk wins face-off versus Nikolai Zherdev in neutral zone.
2:32 of 2nd period - Shot by Ales Kotalik.
2:32 of 2nd period - Shot Blocked by Kyle Mclaren.
2:41 of 2nd period - Nikolai Zherdev is hit by Barret Jackman and loses puck.
3:09 of 2nd period - Icing by Brad Stuart.
3:10 of 2nd period - Joe Thornton wins face-off versus Jeff Halpern in Rangers zone.
3:19 of 2nd period - Shot by Joe Thornton.
3:19 of 2nd period - Shot Blocked by Brad Stuart.
3:21 of 2nd period - Shot by Jonathan Cheechoo.
3:21 of 2nd period - Stopped by Ray Emery without a rebound.
3:22 of 2nd period - Tim Connolly wins face-off versus Tomas Plekanec in Rangers zone.
4:04 of 2nd period - Icing by Niklas Kronwall.
4:05 of 2nd period - Jeff Halpern wins face-off versus Tomas Plekanec in Sharks zone.
5:09 of 2nd period - Shot by Milan Michalek.
5:09 of 2nd period - Stopped by Ray Emery with a rebound.
5:25 of 2nd period - Shot by Jonathan Cheechoo.
5:25 of 2nd period - Stopped by Ray Emery without a rebound.
5:26 of 2nd period - Jeff Halpern wins face-off versus Joe Thornton in Rangers zone.
5:26 of 2nd period - Jeff Halpern is hit by Jonathan Cheechoo.
5:32 of 2nd period - Shot by Brad Richards.
5:32 of 2nd period - Stopped by Dany Sabourin without a rebound.
5:33 of 2nd period - Jarkko Immonen wins face-off versus Pavel Datsyuk in Sharks zone.
5:34 of 2nd period - Shot by Brad Richards.
5:34 of 2nd period - Goal by Brad Richards - Sharks : 3 - Rangers : 2.
5:35 of 2nd period - Pavel Datsyuk wins face-off versus Jeff Halpern in neutral zone.
5:38 of 2nd period - Shot by Markus Naslund.
5:38 of 2nd period - Shot Misses the Net.
5:52 of 2nd period - Shot by Brad Stuart.
5:52 of 2nd period - Stopped by Dany Sabourin with a rebound.
5:56 of 2nd period - Shot by Sergei Samsonov.
5:56 of 2nd period - Shot Misses the Net.
5:58 of 2nd period - Shot by Jarkko Immonen.
5:58 of 2nd period - Shot Misses the Net.
6:00 of 2nd period - Shot by Brad Stuart.
6:00 of 2nd period - Shot Blocked by Kyle Mclaren.
6:02 of 2nd period - Shot by Jarkko Immonen.
6:02 of 2nd period - Shot Hit the Post.
7:00 of 2nd period - Shot by Tyler Arnason.
7:00 of 2nd period - Stopped by Dany Sabourin with a rebound.
7:02 of 2nd period - Shot by Brad Richards.
7:02 of 2nd period - Shot Misses the Net.
7:15 of 2nd period - Milan Michalek is hit by Brad Richards and loses puck.
7:37 of 2nd period - Brad Stuart is hit by Colby Armstrong.
8:05 of 2nd period - Shot by Tomas Plekanec.
8:05 of 2nd period - Deflect By Colby Armstrong.
8:05 of 2nd period - Shot Blocked by Jeff Halpern.
8:26 of 2nd period - Dan Cleary is hit by Sheldon Souray and loses puck.
8:35 of 2nd period - Dan Cleary is hit by Joe Thornton and loses puck.
8:36 of 2nd period - Minor Penalty to Joe Thornton for High sticking.
8:37 of 2nd period - Jarkko Immonen wins face-off versus Markus Naslund in Rangers zone.
8:39 of 2nd period - Icing by Kristopher Letang.
8:40 of 2nd period - Markus Naslund wins face-off versus Jarkko Immonen in Rangers zone.
8:41 of 2nd period - Shot by Pavel Datsyuk.
8:41 of 2nd period - Stopped by Ray Emery with a rebound.
8:49 of 2nd period - Shot by Nikolai Zherdev.
8:49 of 2nd period - Deflect By Tim Connolly.
8:49 of 2nd period - Shot Misses the Net.
8:51 of 2nd period - Shot by Tim Connolly.
8:51 of 2nd period - Stopped by Dany Sabourin with a rebound.
9:24 of 2nd period - Icing by Darius Kasparaitis.
9:25 of 2nd period - Markus Naslund wins face-off versus Brad Richards in Rangers zone.
10:50 of 2nd period - Shot by Tomas Plekanec.
10:50 of 2nd period - Stopped by Ray Emery without a rebound.
10:51 of 2nd period - Jeff Halpern wins face-off versus Stu Barnes in Rangers zone.
10:51 of 2nd period - Jeff Halpern is hit by Jonathan Cheechoo.
11:31 of 2nd period - Icing by Brad Stuart.
11:32 of 2nd period - Tomas Plekanec wins face-off versus Jeff Halpern in Rangers zone.
11:53 of 2nd period - Shot by Ville Peltonen.
11:53 of 2nd period - Deflect By Tomas Plekanec.
11:53 of 2nd period - Shot Hit the Post.
11:55 of 2nd period - Shot by Colby Armstrong.
11:55 of 2nd period - Shot Blocked by Frederick Meyer Iv.
11:57 of 2nd period - Shot by Mark Streit.
11:57 of 2nd period - Goal by Mark Streit - Sharks : 4 - Rangers : 2.
11:58 of 2nd period - Corey Perry wins face-off versus Nikolai Zherdev in neutral zone.
12:13 of 2nd period - Corey Perry is hit by Brett Lebda and loses puck.
12:20 of 2nd period - Shot by Pavel Datsyuk.
12:20 of 2nd period - Shot Misses the Net.
12:22 of 2nd period - Shot by Pavel Datsyuk.
12:22 of 2nd period - Shot Blocked by Kristopher Letang.
12:26 of 2nd period - Shot by Pavel Datsyuk.
12:26 of 2nd period - Deflect By Corey Perry.
12:26 of 2nd period - Shot Misses the Net.
12:28 of 2nd period - Shot by Pavel Datsyuk.
12:28 of 2nd period - Stopped by Ray Emery without a rebound.
12:29 of 2nd period - Jarkko Immonen wins face-off versus Tomas Plekanec in Rangers zone.
12:29 of 2nd period - Brad Richards is hit by Ville Peltonen and loses puck.
12:39 of 2nd period - Icing by Darius Kasparaitis.
12:40 of 2nd period - Jarkko Immonen wins face-off versus Jonathan Cheechoo in Rangers zone.
12:40 of 2nd period - Jarkko Immonen is hit by Stu Barnes.
13:08 of 2nd period - Shot by Milan Michalek.
13:08 of 2nd period - Shot Misses the Net.
13:10 of 2nd period - Shot by Stu Barnes.
13:10 of 2nd period - Shot Misses the Net.
13:41 of 2nd period - Off-side.
13:42 of 2nd period - Tomas Plekanec wins face-off versus Nikolai Zherdev in neutral zone.
14:13 of 2nd period - Shot by Nikolai Zherdev.
14:13 of 2nd period - Stopped by Dany Sabourin without a rebound.
14:14 of 2nd period - Pavel Datsyuk wins face-off versus Jeff Halpern in Sharks zone.
14:14 of 2nd period - Pavel Datsyuk is hit by Dan Cleary.
14:26 of 2nd period - Shot by Markus Naslund.
14:26 of 2nd period - Stopped by Ray Emery without a rebound.
14:27 of 2nd period - Jeff Halpern wins face-off versus Jonathan Cheechoo in Rangers zone.
14:27 of 2nd period - Jeff Halpern is hit by Jonathan Cheechoo.
15:36 of 2nd period - Shot by Markus Naslund.
15:36 of 2nd period - Shot Misses the Net.
15:54 of 2nd period - Shot by Tim Connolly.
15:54 of 2nd period - Stopped by Dany Sabourin without a rebound.
15:55 of 2nd period - Brad Richards wins face-off versus Tomas Plekanec in Sharks zone.
15:55 of 2nd period - Ales Kotalik is hit by Niklas Kronwall.
16:05 of 2nd period - Icing by Ville Peltonen.
16:06 of 2nd period - Brad Richards wins face-off versus Tomas Plekanec in Sharks zone.
16:06 of 2nd period - Brad Richards is hit by Niklas Kronwall.
16:16 of 2nd period - Darius Kasparaitis is hit by Tomas Plekanec and loses puck.
16:48 of 2nd period - Icing by Niklas Kronwall.
16:49 of 2nd period - Jeff Halpern wins face-off versus Ville Peltonen in Sharks zone.
17:03 of 2nd period - Off-side.
17:04 of 2nd period - Pavel Datsyuk wins face-off versus Nikolai Zherdev in neutral zone.
17:43 of 2nd period - Shot by Markus Naslund.
17:43 of 2nd period - Shot Misses the Net.
18:11 of 2nd period - Off-side.
18:12 of 2nd period - Jeff Halpern wins face-off versus Stu Barnes in neutral zone.
18:31 of 2nd period - Stu Barnes is hit by Brad Stuart.
18:41 of 2nd period - Shot by Jonathan Cheechoo.
18:41 of 2nd period - Stopped by Ray Emery without a rebound.
18:42 of 2nd period - Jarkko Immonen wins face-off versus Tomas Plekanec in Rangers zone.
19:44 of 2nd period - Icing by Brett Lebda.
19:45 of 2nd period - Stu Barnes wins face-off versus Nikolai Zherdev in Rangers zone.

Period #3

0:01 of 3rd period - Jarkko Immonen wins face-off versus Joe Thornton in neutral zone.
0:01 of 3rd period - Brad Stuart is hit by Colby Armstrong and loses puck.
0:09 of 3rd period - Icing by Teppo Numminen.
0:10 of 3rd period - Joe Thornton wins face-off versus Nikolai Zherdev in Sharks zone.
1:05 of 3rd period - Shot by Sergei Samsonov.
1:05 of 3rd period - Shot Blocked by Joe Thornton.
1:18 of 3rd period - Shot by Tim Connolly.
1:18 of 3rd period - Shot Misses the Net.
1:22 of 3rd period - Shot by Sergei Samsonov.
1:22 of 3rd period - Shot Misses the Net.
1:26 of 3rd period - Shot by Sergei Samsonov.
1:26 of 3rd period - Stopped by Dany Sabourin without a rebound.
1:27 of 3rd period - Jeff Halpern wins face-off versus Pavel Datsyuk in Sharks zone.
2:10 of 3rd period - Icing by Markus Naslund.
2:11 of 3rd period - Nikolai Zherdev wins face-off versus Pavel Datsyuk in Sharks zone.
2:47 of 3rd period - Jan Bulis is hit by Tomas Plekanec and loses puck.
2:59 of 3rd period - Icing by Ville Peltonen.
3:00 of 3rd period - Colby Armstrong wins face-off versus Sergei Samsonov in Sharks zone.
3:56 of 3rd period - Shot by Jonathan Cheechoo.
3:56 of 3rd period - Stopped by Ray Emery without a rebound.
3:57 of 3rd period - Nikolai Zherdev wins face-off versus Pavel Datsyuk in Rangers zone.
5:16 of 3rd period - Icing by Dan Cleary.
5:17 of 3rd period - Stu Barnes wins face-off versus Jarkko Immonen in Rangers zone.
6:11 of 3rd period - Marc-Edouard Vlasic is hit by Jan Bulis.
6:50 of 3rd period - Mark Streit is hit by Brad Stuart and loses puck.
6:58 of 3rd period - Icing by Mark Streit.
6:59 of 3rd period - Tomas Plekanec wins face-off versus Nikolai Zherdev in Sharks zone.
6:59 of 3rd period - Tomas Plekanec is hit by Jan Bulis.
7:07 of 3rd period - Ales Kotalik is hit by Colby Armstrong and loses puck.
8:36 of 3rd period - Shot by Dan Cleary.
8:36 of 3rd period - Shot Misses the Net.
9:16 of 3rd period - Mattias Ohlund is hit by Colby Armstrong and loses puck.
9:47 of 3rd period - Shot by Tyler Arnason.
9:47 of 3rd period - Shot Blocked by Sheldon Souray.
9:49 of 3rd period - Shot by Dan Cleary.
9:49 of 3rd period - Goal by Dan Cleary - Sharks : 4 - Rangers : 3.
9:50 of 3rd period - Tomas Plekanec wins face-off versus Dan Cleary in neutral zone.
10:30 of 3rd period - Shot by Tyler Arnason.
10:30 of 3rd period - Shot Misses the Net.
11:45 of 3rd period - Shot by Milan Michalek.
11:45 of 3rd period - Stopped by Ray Emery with a rebound.
11:49 of 3rd period - Shot by Jonathan Cheechoo.
11:49 of 3rd period - Shot Blocked by Darius Kasparaitis.
11:53 of 3rd period - Shot by Sheldon Souray.
11:53 of 3rd period - Shot Hit the Post.
11:55 of 3rd period - Shot by Sheldon Souray.
11:55 of 3rd period - Stopped by Ray Emery without a rebound.
11:56 of 3rd period - Joe Thornton wins face-off versus Jeff Halpern in Rangers zone.
11:57 of 3rd period - Shot by Jonathan Cheechoo.
11:57 of 3rd period - Goal by Jonathan Cheechoo - Sharks : 5 - Rangers : 3.
11:58 of 3rd period - Joe Thornton wins face-off versus Jarkko Immonen in neutral zone.
12:29 of 3rd period - Jarkko Immonen is hit by Colby Armstrong and loses puck.
13:18 of 3rd period - Shot by Ville Peltonen.
13:18 of 3rd period - Shot Blocked by Brett Lebda.
13:33 of 3rd period - Icing by Dan Cleary.
13:34 of 3rd period - Brad Richards wins face-off versus Stu Barnes in Rangers zone.
13:44 of 3rd period - Icing by Marc-Edouard Vlasic.
13:45 of 3rd period - Jeff Halpern wins face-off versus Stu Barnes in Sharks zone.
14:01 of 3rd period - Icing by Frederick Meyer Iv.
14:02 of 3rd period - Pavel Datsyuk wins face-off versus Jeff Halpern in Rangers zone.
15:09 of 3rd period - Minor Penalty to Kyle Mclaren for Roughing.
15:10 of 3rd period - Jeff Halpern wins face-off versus Colby Armstrong in Sharks zone.
16:33 of 3rd period - Shot by Markus Naslund.
16:33 of 3rd period - Shot Misses the Net.
17:27 of 3rd period - Shot by Mattias Ohlund.
17:27 of 3rd period - Shot Blocked by Mark Streit.
17:45 of 3rd period - Icing by Niklas Kronwall.
17:46 of 3rd period - Tomas Plekanec wins face-off versus Nikolai Zherdev in Sharks zone.
17:46 of 3rd period - Tomas Plekanec is hit by Ales Kotalik.
18:28 of 3rd period - Sergei Samsonov is hit by Kyle Mclaren.
18:43 of 3rd period - Sergei Samsonov is hit by Kyle Mclaren and loses puck.
18:49 of 3rd period - Brad Richards is hit by Kyle Mclaren and loses puck.


Output by the SimonT Hockey Simulator (STHS) for Stephane Roy -- Original Page W3C XHTML 1.0 Valid